 Dungeon Crawl Stone Soup version 0.28.0-53-g5a82cb258f (webtiles) character file.

Game seed: 4900638876946935715

2 MisterFreud the Covert (level 1, -21/23 HPs)
             Began as a Gnoll Delver on June 5, 2022.
             Demolished by an ogre
             ... wielding a +0 giant club
              (29 damage)
             ... on level 5 of the Dungeon.
             The game lasted 00:00:19 (281 turns).

MisterFreud the Covert (Gnoll Delver)                Turns: 281, Time: 00:00:20

Health: -21/23     AC:  3    Str: 11    XL:     1   Next: 30%
Magic:  1/1        EV: 13    Int:  9    God:
Gold:   21         SH:  0    Dex: 13    Spells: 0/0 levels left

rFire   . . .      SeeInvis .   a - +0 short sword
rCold   . . .      Faith    .   (no shield)
rNeg    . . .      Spirit   .   b - +0 leather armour
rPois   .          Reflect  .   (no helmet)
rElec   .          Harm     .   (no cloak)
rCorr   .          Rampage  .   (no gloves)
Will    .....                   (no boots)
Stlth   ++++......              (no amulet)
HPRegen 0.07/turn               (no ring)
MPRegen 0.07/turn               (no ring)

@: no status effects
A: fangs 1, strong nose, distributed training
a: no special abilities


You were on level 5 of the Dungeon.
You visited 1 branch of the dungeon, and saw 2 of its levels.

You collected 21 gold pieces.

Inventory:

Hand Weapons
 a - a +0 short sword (weapon)
Armour
 b - a +0 leather armour (worn)
Wands
 g - a wand of digging (3)
Scrolls
 c - a scroll of fog
 d - 2 scrolls of magic mapping
Potions
 f - a potion of haste


   Skills:
 + Level 6.4 Fighting
 + Level 4.4 Short Blades
 + Level 0.0 Long Blades
 + Level 0.0 Axes
 + Level 0.0 Maces & Flails
 + Level 0.0 Polearms
 + Level 0.0 Staves
 + Level 0.0 Slings
 + Level 0.0 Bows
 + Level 0.0 Crossbows
 + Level 0.0 Throwing
 + Level 0.0 Armour
 + Level 4.4 Dodging
 + Level 9.5 Stealth
 + Level 0.0 Shields
 + Level 0.0 Unarmed Combat
 + Level 0.0 Spellcasting
 + Level 0.0 Conjurations
 + Level 0.0 Hexes
 + Level 0.0 Summonings
 + Level 0.0 Necromancy
 + Level 0.0 Translocations
 + Level 0.0 Transmutations
 + Level 0.0 Fire Magic
 + Level 0.0 Ice Magic
 + Level 0.0 Air Magic
 + Level 0.0 Earth Magic
 + Level 0.0 Poison Magic
 + Level 0.1 Invocations
 + Level 0.0 Evocations


You couldn't memorise any spells.
You didn't know any spells.
Your spell library was empty.

Dungeon Overview and Level Annotations

Branches:
Dungeon (6/15)
 Temple: D:4-7

Altars:
The Shining One


Innate Abilities, Weirdness & Mutations

You have very sharp teeth.
Your uncanny sense of smell can sniff out nearby items.
Your experience applies equally to all skills.


Message History

The orc barely misses you.
You hit the orc.
You kill the orc!
No target in view!
HP restored.
Things that are here:
a +0 hand axe; an orc corpse You see here a +0 robe.
You now have 21 gold pieces (gained 16).
You open the door.
Found a glowing golden altar of the Shining One.
Found an escape hatch in the floor.
Found 24 sling bullets.
A hound comes into view.
You see here 24 sling bullets.
Found a club.
The hound barks!
You hear a shout!
The hound bites you.
You barely miss the hound. The hound closely misses you.
You hit the hound.
The hound is lightly wounded.
The hound bites you.
You hit the hound but do no damage.
The hound is lightly wounded.
The hound bites you. x2
You hit the hound but do no damage.
The hound is lightly wounded.
The hound bites you.
You hit the hound.
The hound is moderately wounded.
The hound closely misses you.
As you read the scroll of fear, it crumbles to dust.
You assume a fearsome visage.
The hound looks frightened!
An ogre and a kobold come into view.
The ogre shouts!
A kobold comes into view.
It is wielding a +0 short sword and quivering poisoned darts.
The kobold shouts!
You hear a shout!
The ogre hits you with a +0 giant club!!
Ouch! That really hurt!
You die...

#.# #.# #.# #.#
#(## #..#
###.### #.....#
#######@#.#.###
#..K..O......).
#K#.###.#.#....h
#.......#...
###.##....## #.#
.##. #.# .. ..


You could see an ogre and 2 kobolds.

Vanquished Creatures
  An orc (D:5)
1 creature vanquished.

Notes
Turn   | Place    | Note
-------+----------+-------------------------------------------
     0 | D:5      | Reached skill level 9 in Stealth
     0 | D:5      | MisterFreud the Gnoll Delver began the quest for the Orb.
     0 | D:5      | Reached XP level 1. HP: 23/23 MP: 1/1
   231 | D:5      | Found a glowing golden altar of the Shining One.
   266 | D:5      | Noticed a hound
   278 | D:5      | Noticed an ogre
   281 | D:5      | Demolished by an ogre

Illustrated notes

Levels and vault maps discovered:
D:5:      layout_loops_ring, general_overflow_altar,
          makhleb_blood_cavern_becter, minmay_temple_entry_statues, minmay_holes
D:6:      layout_gridville, grunt_temple_overflow_forces_of_nature,
          serial_bayou_pond_b, skrybe_limestone_x, uniq_menkaure, uniq_duvessa,
          uniq_pikel, uniq_blork_the_orc

Skill      XL: | |
---------------+-+-----
Stealth        | |  9.5
Fighting       | |  6.4
Short Blades   | |  4.4
Dodging        | |  4.4
Invocations    | |  0.1

Action                   || total
-------------------------++-------
Melee: Short sword       ||    11
       Bite              ||     1
  Use: Scroll            ||     1
Dodge: Dodged            ||     4
